AoeStats
← 三岁时就很 酷

Black Forest

507745584Analyzed
4v4 RM · 12d ago on Sep 19, 2026· 59m 12s· 8 players
Game mode
Random Map
Map size
Large (8 player)
Population
200
Speed
Normal
Resources
Standard
Victory
Conquest
Starting age
Dark Age
Ending age
Imperial Age
RankedLock teamsTeams togetherTeam positionsShared explorationLock speedFull tech treeHidden civsTurbo modeCheats
Victory
Defeat
🇭🇰 Hindustanis · Hong Kong SAR China
932
+15
🇨🇳 Khmer · China
932
+15
🇨🇳 Teutons · China
929
+15
🇨🇳 Magyars · China
928
+15
🇬🇧 Wei · United Kingdom
925
-16
🇮🇹 Huns · Italy
904
-15
🇪🇸 Britons · Spain
898
-15
🇨🇳 Persians · China
884
-14
ROMMEL X
11:06 Feudal Age
17:14 Castle Age
15:22 Double-Bit Axe
15:27 Horse Collar
19:44 Wheelbarrow
20:41 Bow Saw
22:19 Heavy Plow
24:56 Fletching
28:54 Bodkin Arrow
31:12 Padded Archer Armor
35:19 Imperial Age
33:08 Hand Cart
34:05 Ballistics
36:07 Leather Archer Armor
37:13 Two-Man Saw
37:25 Elite Longbowman
38:27 Conscription
38:39 Forging
38:34 Scale Mail Armor
40:00 Pikeman
40:40 Halberdier
43:21 Iron Casting
42:47 Bracer
43:17 Ring Archer Armor
43:03 Chain Mail Armor
Miccit88
10:35 Feudal Age
11:27 Horse Collar
11:35 Double-Bit Axe
11:43 Loom
17:46 Stone Mining
17:47 Gold Mining
20:45 Castle Age
20:12 Forging
20:08 Scale Barding Armor
19:54 Fletching
23:32 Caravan
24:16 Gold Shaft Mining
24:54 Wheelbarrow
25:00 Bow Saw
32:44 Imperial Age
30:34 Heavy Plow
32:18 Iron Casting
32:04 Chain Barding Armor
32:12 Hand Cart
32:18 Town Watch
32:45 Husbandry
33:18 Marauders
34:11 Conscription
34:20 Squires
35:50 Elite Tarkan
40:42 Blast Furnace
39:46 Pikeman
44:36 Ballistics
Biznatch
11:19 Feudal Age
11:28 Feudal Age
16:10 Castle Age
14:21 Double-Bit Axe
14:43 Horse Collar
17:46 Bow Saw
19:28 Fervor
22:26 Gold Mining
22:26 Stone Mining
23:53 Scale Barding Armor
23:58 Forging
24:21 Loom
25:51 Wheelbarrow
25:31 Bloodlines
25:38 Caravan
26:10 Husbandry
27:45 Chain Barding Armor
28:32 Fletching
31:10 Tuntian
32:18 Iron Casting
32:37 Murder Holes
36:14 Imperial Age
34:59 Bodkin Arrow
36:01 Heavy Plow
37:29 Conscription
37:48 Block Printing
37:59 Illumination
37:51 Heavy Hei Guang Cavalry
鳄鱼你不睡觉
7:06 Loom
13:13 Feudal Age
13:35 Double-Bit Axe
15:42 Wheelbarrow
19:05 Castle Age
23:47 Hand Cart
27:04 Bow Saw
26:46 Horse Collar
27:25 Gold Mining
27:30 Stone Mining
28:30 Forging
28:25 Scale Barding Armor
29:50 Heavy Plow
29:43 Gold Mining
33:31 Imperial Age
32:34 Caravan
33:39 Gold Shaft Mining
33:42 Stone Shaft Mining
34:45 Bloodlines
34:35 Husbandry
35:26 Crop Rotation
35:59 Two-Man Saw
36:52 Conscription
37:22 Light Cavalry
37:33 Elite War Elephant
41:37 Forging
41:33 Scale Barding Armor
42:49 Kamandaran
43:33 Citadels
44:18 Chain Barding Armor
43:53 Fletching
44:03 Padded Archer Armor
44:43 Iron Casting
47:24 Blast Furnace
47:05 Plate Barding Armor
46:52 Ballistics
47:34 Chemistry
46:45 Masonry
46:31 Murder Holes
48:25 Bodkin Arrow
48:46 Leather Archer Armor
48:52 Devotion
三岁时就很 酷
1:54 Loom
12:00 Feudal Age
16:02 Castle Age
14:14 Double-Bit Axe
16:47 Wheelbarrow
17:18 Wheelbarrow
18:25 Horse Collar
23:26 Heavy Plow
25:23 Hand Cart
25:20 Gold Mining
27:35 Bloodlines
28:00 Bow Saw
33:20 Imperial Age
31:10 Forging
31:05 Scale Barding Armor
32:17 Gold Shaft Mining
31:35 Stone Mining
32:54 Iron Casting
33:57 Chain Barding Armor
33:38 Town Watch
34:53 Conscription
34:03 Elite Ballista Elephant
34:44 Double Crossbow
35:27 Crop Rotation
35:40 Ballistics
36:20 Chemistry
35:44 Siege Engineers
36:51 Blast Furnace
38:02 Devotion
40:19 Plate Barding Armor
39:43 Murder Holes
39:58 Masonry
40:23 Coinage
39:53 Caravan
41:16 Faith
44:04 Banking
000
3:41 Loom
17:44 Feudal Age
24:28 Castle Age
22:41 Horse Collar
22:50 Double-Bit Axe
26:35 Heavy Plow
28:18 Wheelbarrow
29:43 Bow Saw
36:09 Gold Mining
36:10 Stone Mining
36:59 Elite Skirmisher
38:04 Hand Cart
39:44 Padded Archer Armor
39:35 Fletching
42:31 Imperial Age
41:27 Leather Archer Armor
42:05 Bodkin Arrow
43:53 Crop Rotation
44:24 Elite Teutonic Knight
46:31 Scale Mail Armor
46:42 Forging
47:40 Chain Mail Armor
sainimu
0:29 Loom
12:17 Feudal Age
16:59 Castle Age
15:00 Double-Bit Axe
18:41 Horse Collar
21:39 Scale Mail Armor
26:57 Forging
27:03 Chain Mail Armor
28:05 Wheelbarrow
35:45 Imperial Age
34:30 Hand Cart
35:18 Gold Mining
35:24 Town Watch
36:19 Heavy Camel Rider
37:10 Bloodlines
37:01 Husbandry
37:59 Conscription
37:49 Scale Barding Armor
38:19 Iron Casting
38:27 Imperial Camel Rider
44:48 Chain Barding Armor
47:50 Plate Barding Armor
48:16 Blast Furnace
51:07 Chemistry
54:17 Gold Shaft Mining
小熊熊
10:00 Loom
12:14 Feudal Age
17:35 Castle Age
18:30 Double-Bit Axe
20:20 Bow Saw
22:41 Corvinian Army
23:06 Horse Collar
23:40 Scale Barding Armor
26:47 Heavy Plow
29:04 Wheelbarrow
29:55 Stone Mining
29:56 Gold Mining
32:03 Hand Cart
32:26 Chain Barding Armor
36:29 Imperial Age
37:46 Plate Barding Armor
36:40 Elite Magyar Huszar
40:09 Conscription
Connection lost

Rejoining the realm…

Still unreachable

The connection could not be restored.

Session expired

The server has moved on; the page needs a fresh start.